 Dungeon Crawl Stone Soup version 0.30-a0-603-g51a0fb1b98 (webtiles) character file.

Game seed: 6553025468626180570

259 HoaS the Shooter (level 6, 0/35 HPs)
             Began as a Gargoyle Hunter on Jan 7, 2023.
             Slain by Pikel
             ... wielding a +1 whip of freezing
              (7 damage)
             ... on level 4 of the Dungeon.
             The game lasted 00:07:16 (2993 turns).

HoaS the Shooter (Gargoyle Hunter)                  Turns: 2993, Time: 00:07:16

Health: 0/35       AC: 12    Str: 15    XL:     6   Next: 17%
Magic:  6/6        EV: 11    Int:  9    God:
Gold:   213        SH:  0    Dex: 15    Spells: 5/5 levels left

rFire   . . .      SeeInvis .    a - +0 shortbow
rCold   . . .      Faith    .    (shield currently unavailable)
rNeg    + . .      Spirit   .    c - +0 leather armour
rPois   ∞          Reflect  .    p - +2 hat
rElec   +          Harm     .    q - +0 cloak
rCorr   .          Rampage  .    o - +0 pair of gloves
Will    .....                    r - +0 pair of boots
Stlth   ++                       (no amulet)
HPRegen 0.25/turn                (no ring)
MPRegen 0.10/turn                (no ring)

@: no status effects
A: sickness immunity, AC +4, negative energy resistance 1, electricity
resistance, torment resistance 1, petrification resistance
a: no special abilities


You were on level 4 of the Dungeon.
You visited 1 branch of the dungeon, and saw 4 of its levels.

You collected 213 gold pieces.

Inventory:

Hand Weapons
 a - a +0 shortbow (weapon)
Missiles
 n - a throwing net
Armour
 c - a +0 leather armour (worn)
 o - a +0 pair of gloves (worn)
 p - a +2 hat (worn)
 q - a +0 cloak (worn)
 r - a +0 pair of boots (worn)
Wands
 f - a wand of polymorph (6)
Scrolls
 b - 2 scrolls of immolation
 g - a scroll of summoning
 i - a scroll of fog
 l - a scroll of magic mapping
 s - 2 scrolls of enchant weapon {unknown}
Potions
 d - 2 potions of flight
 e - a potion of lignification
 h - a potion of haste
 j - a potion of heal wounds
 k - a potion of might


   Skills:
 - Level 2.1 Fighting
 + Level 7.2 Ranged Weapons
 - Level 1.5 Dodging
 - Level 1.1 Stealth


You had 5 spell levels left.
You didn't know any spells.
Your spell library contained the following spells:

 Spells                   Type           Power      Damage    Failure   Level
 Tukima's Dance           Hex            0%         N/A       83%         3
 Passage of Golubria      Tloc           0%         N/A       99%         4
 Yara's Violent Unravell  Hex/Tmut       0%         3d3       100%        5


Dungeon Overview and Level Annotations

Branches:
Dungeon (4/15)
 Temple: D:4-7

Altars:
Elyvilon
Uskayaw

Shops:
D:1 :

Annotations:
D:4 Pikel


Innate Abilities, Weirdness & Mutations

You are immune to sickness and miasma.
Your stone body is resilient. (AC +4)
You are immune to poison.
You resist negative energy. (rN+)
You are resistant to electric shocks. (rElec)
You are resistant to unholy torment.
You are immune to petrification.


Message History

There is a stone staircase leading down here.
Your extra speed is starting to run out.
Pikel says, "You'll feel the lick of my whip!"
You feel yourself slow down.
You flicker for a moment.
You shoot an arrow.
The arrow hits Pikel but does no damage.
Pikel is moderately wounded.
You flicker back into view.
You shoot an arrow. The arrow closely misses Pikel.
The arrow hits the lemure but does no damage.
You shoot an arrow. The arrow barely misses Pikel.
The arrow barely misses the lemure.
The arrow hits the lemure but does no damage.
The lemure is moderately wounded.
You shoot an arrow.
The arrow hits Pikel but does no damage.
Pikel is moderately wounded.
You shoot an arrow. The arrow misses Pikel.
The arrow barely misses the lemure.
The arrow hits the lemure but does no damage.
The lemure is moderately wounded.
You shoot an arrow. The arrow hits Pikel.
Pikel is moderately wounded.
Pikel hits you but does no damage.
You shoot an arrow. The arrow hits Pikel.
Pikel is moderately wounded.
Pikel hits you with a +1 whip of freezing.
Pikel freezes you.
You shoot an arrow.
The arrow hits Pikel but does no damage.
Pikel is moderately wounded.
Pikel hits you with a +1 whip of freezing!
Pikel freezes you.
* * * LOW HITPOINT WARNING * * *
The lemure barely misses you. The lemure hits you.
* * * LOW HITPOINT WARNING * * *
You shoot an arrow. The arrow hits Pikel.
Pikel is moderately wounded.
Pikel hits you with a +1 whip of freezing!
You die...

#....##.##.##..#######..#.##.#
.##.#...................#.##.#
.#.##...##.##.............##.#
#....##.##.##..#######..####.#
#.##..#...................##.#
..##.#.+##..##.#.#<..........#
#....##.....##.............#.#
.##.#......<##.#.#####..#..#.#
.#.##..........5@# #..#..#.#
#....##...#.##.5K# #..#..#.#
#.##..#...#.##...# #..#..#.#
..##.#....#.##...#####..#..#.####
#....##...#.............#........
.##.#............................
.#.##....####......###..#...#.###
#....##..####....### #..#...#.#
#.##..#..........#####.....#..#


You could see Pikel and 2 lemures.

Vanquished Creatures
  A lemure (D:4)
  Crazy Yiuf (D:2)
  A hound (D:4)
  Terence (D:2)
  An orc wizard (D:4)
  5 adders
  An ufetubus (D:3)
  A worm (D:2)
  4 dart slugs
  4 orcs (D:4)
  3 bats
  6 endoplasms
  5 giant cockroaches
  4 goblins
  7 hobgoblins
  5 jackals (D:1)
  5 quokkas
  8 ball pythons
  4 frilled lizards
  7 kobolds
  3 rats
77 creatures vanquished.

Vanquished Creatures (others)
  A fungus (D:2)
1 creature vanquished.

Grand Total: 78 creatures vanquished

Notes
Turn   | Place    | Note
-------+----------+-------------------------------------------
     0 | D:1      | HoaS the Gargoyle Hunter began the quest for the Orb.
     0 | D:1      | Reached XP level 1. HP: 12/12 MP: 1/1
    49 | D:1      | Found Aseuboymm's Book Shop.
    87 | D:1      | Reached XP level 2. HP: 16/17 MP: 2/2
   494 | D:1      | Reached XP level 3. HP: 14/21 MP: 3/3
   648 | D:2      | Found a faded altar of an unknown god.
   655 | D:1      | Reached skill level 5 in Ranged Weapons
   747 | D:2      | Found a runed translucent door.
   748 | D:2      | Noticed Crazy Yiuf
  1236 | D:2      | Noticed Terence
  1250 | D:2      | Reached XP level 4. HP: 26/26 MP: 4/4
  1257 | D:2      | Killed Terence
  1569 | D:3      | Found a hide-covered altar of Uskayaw.
  1571 | D:3      | Reached skill level 6 in Ranged Weapons
  1612 | D:3      | Reached XP level 5. HP: 30/30 MP: 5/5
  1674 | D:3      | Found a white marble altar of Elyvilon.
  2131 | D:2      | Killed Crazy Yiuf
  2640 | D:4      | Reached skill level 7 in Ranged Weapons
  2699 | D:4      | Noticed a lemure
  2730 | D:4      | Killed a lemure
  2836 | D:4      | Reached XP level 6. HP: 35/35 MP: 6/6
  2931 | D:4      | Noticed Pikel
  2945 | D:4      | Paralysed by Pikel for 5 turns
  2993 | D:4      | Slain by Pikel

Illustrated notes

Levels and vault maps discovered:
D:1:      sevenhm_arrival_forest_fort_small_3, layout_basic, serial_shops, shop
D:2:      layout_basic, nicolae_ecumenical_pavilion, grunt_ministairs_2,
          st_stairs_12, uniq_crazy_yiuf_cottage, uniq_terence
D:3:      layout_basic, mainiacjoe_overflow_concentric_impassable,
          nicolae_uskayaw_dance_hall, minivault_25, minmay_misc_feat_five
D:4:      layout_basic, grunt_qazlal_clouds, nicolae_eternal_life, uniq_pikel

Skill      XL: |  1  2  3  4  5 |
---------------+----------------+-----
Ranged Weapons | 5 6 7 |  7.2
Fighting       | |  2.1
Dodging        | |  1.5
Stealth        | |  1.1

Action                   |  1- 3 |  4- 6 || total
-------------------------+-------+-------++-------
 Fire: Shortbow          |   101 |   161 ||   262
Throw: Throwing net      |       |     1 ||     1
  Use: Scroll            |     2 |    10 ||    12
       Potion            |       |     2 ||     2
Armor: Leather armour    |    18 |    23 ||    41
Dodge: Dodged            |    31 |    29 ||    60

Table legend: (Time is in decaauts)
 A = Elapsed time spent in this place.
 B = Non-inter-level travel time spent in this place.
 C = Inter-level travel time spent in this place.
 D = Time resting spent in this place.
 E = Time spent auto-exploring this place.
 F = Levels seen in this place.
 G = Mean time per level.
                   A        B        C        D        E       F      G
               +--------+--------+--------+--------+--------+-----+--------+
         Total |   3047 |   2909 |    138 |    333 |   1914 |   4 |  761.8 |
       Dungeon |   3047 |   2909 |    138 |    333 |   1914 |   4 |  761.8 |
               +--------+--------+--------+--------+--------+-----+--------+

Top non-repeatable levels by time:
     D:2: 887 daAuts
     D:4: 794 daAuts
     D:1: 708 daAuts
     D:3: 656 daAuts
